 Dungeon Crawl Stone Soup version 0.21.1-1-g345015f (webtiles) character file.

56 Iko the Grasshopper (level 3, -1/31 HPs)
             Began as a Gnoll Warper on May 4, 2018.
             Was an Initiate of Makhleb.
             Slain by an orc (4 damage)
             ... on level 3 of the Dungeon.
             The game lasted 00:05:25 (512 turns).

Iko the Grasshopper (Gnoll Warper)                   Turns: 512, Time: 00:05:26

Health: -1/31      AC:  3    Str: 14    XL:     3   Next: 95%
Magic:  7/9        EV: 14    Int: 15    God:    Makhleb [......]
Gold:   30         SH:  0    Dex: 14    Spells: 10/12 levels left

rFire    . . .     SeeInvis .   a - +0 hand axe
rCold    . . .     Gourm    .   (no shield)
rNeg     . . .     Faith    .   b - +0 leather armour
rPois    .         Spirit   .   (no helmet)
rElec    .         Reflect  .   (no cloak)
rCorr    .         Harm     .   (no gloves)
MR       .....                  (no boots)
Stlth    +.........             d - amulet of magic regeneration
HPRegen  0.10/turn              (no ring)
MPRegen  0.36/turn              (no ring)

@: very slightly contaminated
A: distributed training, fangs 1, strong nose
a: Renounce Religion


You were on level 3 of the Dungeon.
You worshipped Makhleb.
Makhleb was noncommittal.
You were not hungry.

You visited 1 branch of the dungeon, and saw 3 of its levels.

You collected 30 gold pieces.

Inventory:

Hand Weapons
 a - a +0 hand axe (weapon)
Armour
 b - a +0 leather armour (worn)
Jewellery
 d - an amulet of magic regeneration (around neck)
Books
 c - a book of Spatial Translocations

   Spells                             Type                      Level
   a - Blink                          Translocation                2
   b - Shroud of Golubria             Charms/Translocation         2
   c - Lesser Beckoning               Translocation                3
   d - Gell's Gravitas                Translocation                3
   e - Teleport Other                 Translocation                3
   f - Passage of Golubria            Translocation                4
Comestibles
 f - a ration


   Skills:
 + Level 4.6 Fighting
 + Level 1.0 Short Blades
 + Level 1.0 Long Blades
 + Level 4.6 Axes
 + Level 1.0 Maces & Flails
 + Level 1.0 Polearms
 + Level 1.0 Staves
 + Level 1.0 Slings
 + Level 1.0 Bows
 + Level 1.0 Crossbows
 + Level 2.6 Throwing
 + Level 2.6 Armour
 + Level 4.6 Dodging
 + Level 1.0 Stealth
 + Level 1.0 Shields
 + Level 1.0 Unarmed Combat
 + Level 5.0 Spellcasting
 + Level 0.7 Conjurations
 + Level 0.7 Hexes
 + Level 0.7 Charms
 + Level 0.7 Summonings
 + Level 0.7 Necromancy
 + Level 5.4 Translocations
 + Level 0.7 Transmutations
 + Level 0.7 Fire Magic
 + Level 0.7 Ice Magic
 + Level 0.7 Air Magic
 + Level 0.7 Earth Magic
 + Level 0.7 Poison Magic
 + Level 1.0 Invocations
 + Level 1.0 Evocations


You had 10 spell levels left.
You knew the following spells:

 Your Spells              Type           Power        Failure   Level  Hunger
a - Blink                 Tloc           N/A          3%          2    ##.....


Dungeon Overview and Level Annotations

Branches:
Dungeon (3/15)

Altars:
Ashenzari
Makhleb

Annotations:
D:3 Nulkur's ghost, amateur KoAs


Innate Abilities, Weirdness & Mutations

Your experience applies equally to all skills.
You have very sharp teeth.
Your uncanny sense of smell can sniff out nearby items.


Message History

Found a scroll labeled CICIT IHYRHIR.
An orc comes into view.
Found 11 gold pieces.
The orc shouts!
You see here a scroll labeled CICIT IHYRHIR.
e - a scroll labeled CICIT IHYRHIR The orc barely misses you.
As you read the scroll labeled CICIT IHYRHIR, it crumbles to dust.
You hear the tinkle of a tiny bell.
It was a scroll of random uselessness.
The orc closely misses you.
You hit the orc.
The orc is moderately wounded.
The orc hits you.
* * * LOW HITPOINT WARNING * * *
Casting: Blink
Confirm with . or Enter, or press ? or * to list all spells.
You miscast Blink.
You are very lightly contaminated with residual magic.
Nothing appears to happen.
The orc hits you.
You die...

... ..+ #.# #.#
#.. #.# #..$ #.#
#.... #.# #....
#@# #....##o#
.......W# ######
#. ........#
#....###..###
........#.##.....
...... ........#
.'....####.###
#######.#
#....##.....# #.#
#....#....... #.#
#....#.......


You could see Nulkur's ghost and an orc.

Vanquished Creatures
  A hound (D:3)
  An adder (D:2)
  2 leopard geckos (D:1)
  An orc (D:3)
  A goblin (D:1)
  A hobgoblin (D:1)
  3 jackals (D:1)
  2 kobolds (D:1)
  A bat (D:1)
  A rat (D:1)
14 creatures vanquished.

Notes
Turn   | Place    | Note
-------+----------+-------------------------------------------
     0 | D:1      | Iko the Gnoll Warper began the quest for the Orb.
     0 | D:1      | Reached XP level 1. HP: 20/20 MP: 6/6
    10 | D:1      | Noticed a bullfrog
    45 | D:1      | Reached XP level 2. HP: 20/26 MP: 7/7
   140 | D:1      | Learned a level 2 spell: Blink
   160 | D:2      | Reached XP level 3. HP: 13/31 MP: 9/9
   401 | D:3      | Found a burning altar of Makhleb.
   410 | D:3      | Reached skill level 1 in Short Blades
   410 | D:3      | Reached skill level 1 in Long Blades
   410 | D:3      | Reached skill level 1 in Maces & Flails
   410 | D:3      | Reached skill level 1 in Polearms
   410 | D:3      | Reached skill level 1 in Staves
   410 | D:3      | Reached skill level 1 in Slings
   410 | D:3      | Reached skill level 1 in Bows
   410 | D:3      | Reached skill level 1 in Crossbows
   410 | D:3      | Reached skill level 1 in Stealth
   410 | D:3      | Reached skill level 1 in Shields
   410 | D:3      | Reached skill level 1 in Unarmed Combat
   410 | D:3      | Reached skill level 5 in Spellcasting
   410 | D:3      | Reached skill level 1 in Invocations
   410 | D:3      | Reached skill level 1 in Evocations
   418 | D:3      | Became a worshipper of Makhleb the Destroyer
   451 | D:3      | Found a shattered altar of Ashenzari.
   464 | D:3      | Noticed Nulkur's ghost (amateur KoAs)
   512 | D:3      | Slain by an orc

Skill      XL: |  1  2  3 |
---------------+----------+-----
Short Blades   | 1 |  1.0
Long Blades    | 1 |  1.0
Maces & Flails | 1 |  1.0
Polearms       | 1 |  1.0
Staves         | 1 |  1.0
Slings         | 1 |  1.0
Bows           | 1 |  1.0
Crossbows      | 1 |  1.0
Stealth        | 1 |  1.0
Shields        | 1 |  1.0
Unarmed Combat | 1 |  1.0
Spellcasting   | 5 |  5.0
Invocations    | 1 |  1.0
Evocations     | 1 |  1.0
Fighting       | |  4.6
Axes           | |  4.6
Throwing       | |  2.6
Armour         | |  2.6
Dodging        | |  4.6
Conjurations   | |  0.7
Hexes          | |  0.7
Charms         | |  0.7
Summonings     | |  0.7
Necromancy     | |  0.7
Translocations | |  5.4
Transmutations | |  0.7
Fire Magic     | |  0.7
Ice Magic      | |  0.7
Air Magic      | |  0.7
Earth Magic    | |  0.7
Poison Magic   | |  0.7

Action                   || total
-------------------------++-------
Melee: Hand axe          ||    54
       Bite              ||     1
Throw: Tomahawk          ||     5
 Cast: Blink             ||     2
  Use: Scroll            ||     2
Armor: Leather armour    ||    13
Dodge: Dodged            ||    57
